 Dungeon Crawl Stone Soup version bcrawl-1.41.1 (webtiles) character file.

Game seed: 6911962606050151137

162055 Grimmash the Cudgeler (level 5, -4/54 HPs)
             Began as an Ent Archaeologist on Apr 19, 2024.
             Killed from afar by Dowan (18 damage)
             ... with a shard of ice
             ... on level 4 of the Dungeon.
             The game lasted 00:03:46 (2857 turns).

Grimmash the Cudgeler (Ent Archaeologist)           Turns: 2857, Time: 00:03:47

Health: -4/54      AC: 13    Str: 18    XL:     5   Next: 82%
Magic:  7/7        EV: 10    Int: 16    God:
Gold:   242        SH:  0    Dex:  8    Spells: 4/7 levels left

rFire    . . .     GDR:     29% a - +0 morningstar
rCold    . . .     SeeInvis .   (no shield)
rNeg     + + +     Gourm    .   (armour unavailable)
rPois    +         Faith    .   c - +1 hat
rElec    .         Spirit   .   (no cloak)
rCorr    .         Reflect  .   (gloves unavailable)
MR       .....                  (boots unavailable)
Stlth    ++........             (no amulet)
HPRegen  0.19/turn              (no ring)
MPRegen  0.10/turn              (no ring)

@: studying Fighting, very slow
A: large, slow actions, passwall, strong branches, negative energy resistance 3,
poison resistance, slow metabolism 1, torment resistance, unbreathing, AC +12
a: Passwall


You were on level 4 of the Dungeon.
You were hungry.

You visited 1 branch of the dungeon, and saw 4 of its levels.

You collected 242 gold pieces.

Inventory:

Hand Weapons
 a - a +0 morningstar (weapon)
 b - a +0 blowgun
 i - a +2 dagger of electrocution
Missiles
 d - 6 curare-tipped needles
 l - 17 poisoned tomahawks (quivered)
 r - 83 poisoned needles
Armour
 c - a +1 hat (worn)
Wands
 s - a wand of flame (18)
 u - a wand of random effects (6)
Scrolls
 g - 3 scrolls of revelation
 h - a scroll of fear {unknown}
 k - a scroll of enchant armour {unknown}
 m - 3 scrolls of teleportation {unknown}
 n - a scroll of amnesia {unknown}
 o - a scroll of remove curse {unknown}
 p - a scroll of enchant weapon {unknown}
Potions
 j - 2 potions of curing
 q - a potion of cancellation {unknown}
 t - a potion of heal wounds {unknown}
Comestibles
 e - 7 rations {!d}


   Skills:
 * Level 2.6 Fighting
 * Level 4.3 Maces & Flails
 + Level 0.2 Throwing
 * Level 3.7 Dodging
 + Level 4.2 Stealth
 * Level 1.7 Spellcasting
 * Level 0.6 Conjurations


You had 4 spell levels left.
You knew the following spells:

 Your Spells              Type           Power        Failure   Level  Hunger
a - Magic Dart            Conj           #...         16%         1    None
b - Searing Ray           Conj           #.......     24%         2    ###....

Your spell library contained the following spells:

 Spells                   Type           Power        Failure   Level  Hunger
 Iskenderun's Mystic Bla  Conj           #.......     43%         3    ####...
 Fulminant Prism          Conj/Hex       #.........   88%         4    ######.
 Irradiate                Conj/Tmut      #.........   99%         5    #######


Dungeon Overview and Level Annotations

Branches:
Dungeon (4/12)
 Temple: D:4-7

Altars:
Xom

Annotations:
D:4 Dowan


Innate Abilities, Weirdness & Mutations

You move and act slowly.
You can pass through walls and trees.
Your branches can wield two-handed weapons with a shield.
Your thick bark is tough. (AC +12)
You are too large for most types of armour.
You are immune to negative energy. (rN+++)
Your system is resistant to poisons. (rPois)
You have a slow metabolism.
You are immune to unholy pain and torment.
You can survive without breathing.


Message History

No path to travel!
Okay, then.
Unknown command.
Throwing (i - inventory)
l - 19 poisoned tomahawks (quivered)
Press: ? - help, Shift-Dir - straight line, f/p - Dowan
Aim: Dowan, wielding a +0 dagger and wearing a +0 robe (heavily wounded, fast, poisoned)
You throw a poisoned tomahawk.
The poisoned tomahawk closely misses Dowan.
No path to travel!
Throwing (i - inventory)
l - 18 poisoned tomahawks (quivered)
Press: ? - help, Shift-Dir - straight line, f/p - Dowan
Aim: Dowan, wielding a +0 dagger and wearing a +0 robe (heavily wounded, fast, poisoned)
You throw a poisoned tomahawk. The poisoned tomahawk hits Dowan.
Dowan looks more poisoned.
Dowan is heavily wounded.
Dowan gestures at you while chanting. The shard of ice misses you.
Dowan casts a spell at you. The shard of ice hits you!!
You die...

#...# #<.# #...#
#..# #...# #..#
#...# #..#
#...######..#
#.e.........######
##.######........#
#)# #.######.# #@#
#.# #.# #.# #.#
#.# #.# #.# #.#
#.# #.# #.# #.#
#.# #.# #.# #.#
... #.# #.. ...
#.#


You could see Dowan.

Vanquished Creatures
  Duvessa (D:4)
  An orc priest (D:3)
  2 adders
  An adder skeleton (D:3)
  5 worms (D:2)
  3 dart slugs
  4 leopard geckos
  4 orcs
  A giant cockroach (D:3)
  5 goblins
  8 hobgoblins
  4 jackals (D:3)
  A quokka (D:2)
  A ball python (D:3)
  6 bats
  6 frilled lizards
  5 kobolds
  4 rats
62 creatures vanquished.

Notes
Turn   | Place    | Note
-------+----------+-------------------------------------------
     0 | D:1      | Grimmash the Ent Archaeologist began the quest for the Orb.
     0 | D:1      | Reached XP level 1. HP: 21/21 MP: 1/1
   202 | D:1      | Reached XP level 2. HP: 29/29 MP: 2/2
   701 | D:2      | Reached XP level 3. HP: 27/36 MP: 2/4
  1224 | D:2      | Reached skill level 1 in Spellcasting
  1622 | D:2      | Reached XP level 4. HP: 42/46 MP: 5/5
  2166 | D:3      | Learned a level 1 spell: Magic Dart
  2169 | D:3      | Learned a level 2 spell: Searing Ray
  2276 | D:3      | Reached XP level 5. HP: 51/53 MP: 6/6
  2276 | D:3      | Identified a scroll of acquirement
  2276 | D:3      | Identified the ring of Pilleur {Dex+5 Stlth+} (You acquired
                  | it on level 3 of the Dungeon)
  2326 | D:3      | Found a shimmering altar of Xom.
  2326 | D:3      | Found a shimmering altar of Xom.
  2328 | D:3      | Found a shimmering altar of Xom.
  2828 | D:4      | Noticed Duvessa
  2829 | D:4      | Noticed Dowan
  2854 | D:4      | HP: 2/53 [Duvessa/+4 short sword of draining (3)]
  2855 | D:4      | Killed Duvessa
  2857 | D:4      | Killed from afar by Dowan

Skill      XL: |  1  2  3  4  5 |
---------------+----------------+-----
Dodging        | 3 |  3.7
Maces & Flails | 2 3 4 |  4.3
Spellcasting   | 1 |  1.7
Stealth        | 4 |  4.2
Fighting       | 2 |  2.6
Throwing       | |  0.2
Conjurations   | |  0.6

Action                   |  1- 3 |  4- 6 || total
-------------------------+-------+-------++-------
Melee: Whip              |   135 |       ||   135
       Morningstar       |    33 |    48 ||    81
Throw: Tomahawk          |       |    19 ||    19
  Use: Scroll            |       |     1 ||     1
       Potion            |       |     1 ||     1
 Stab: Sleeping          |     8 |     5 ||    13
  Eat: Chunk             |     7 |     5 ||    12
Armor: Skin              |    90 |    49 ||   139
Dodge: Dodged            |   107 |    45 ||   152
